 Dungeon Crawl Stone Soup version 0.18.1-50-g88ac8fd (webtiles) character file.

1061 Vatticson the Basher (level 8, -2/64 HPs)
             Began as a Minotaur Berserker on Oct 22, 2016.
             Was a Priest of Trog.
             Slain by a jelly (3 damage)
             ... on level 4 of the Dungeon.
             The game lasted 00:16:31 (3271 turns).

Vatticson the Basher (Minotaur Berserker)           Turns: 3271, Time: 00:16:32

Health: -2/64      AC: -12   Str: 22    XL:     8   Next: 6%
Magic:  7/7        EV: 10    Int:  4    God:    Trog [***...]
Gold:   163        SH:  0    Dex: 12    Spells: 0 memorised, 7 levels left

rFire  . . .     SeeInvis .     o - +2 whip (flame)
rCold  + . .     Gourm    .     f - +1 scale mail
rNeg   . . .     Faith    .     (no shield)
rPois  .         Spirit   .     (helmet restricted)
rElec  .         Dismiss  .     (no cloak)
rCorr  .         Reflect  .     (no gloves)
SustAt .         Harm     .     (no boots)
MR     .....                    (no amulet)
Stlth  +.........               e - ring of stealth
                                g - ring of protection from cold

@: corroded, not resistant to hostile enchantments, very unstealthy
A: retaliatory headbutt, horns 2
a: Berserk, Trog's Hand, Burn Spellbooks, Renounce Religion


You were on level 4 of the Dungeon.
You worshipped Trog.
Trog was most pleased with you.
You were not hungry.

You visited 1 branch of the dungeon, and saw 5 of its levels.

You collected 163 gold pieces.

Inventory:

Hand Weapons
 a - a +0 mace
 d - a +1 mace of protection
 o - a +2 whip of flaming (weapon)
Armour
 b - a +0 animal skin
 f - a +1 scale mail (worn)
Jewellery
 e - a ring of stealth (right hand)
 g - a ring of protection from cold (left hand)
 i - an uncursed ring of ice
 p - the ring "Xooba" {rElec Int+4 Dex+2, unknown}
   (You found it on level 4 of the Dungeon)

   [ring of intelligence]

   It affects your intelligence (+4).
   It affects your dexterity (+2).
   It insulates you from electricity.
Wands
 k - a wand of flame (4/48)
Scrolls
 h - 3 scrolls of teleportation
 j - 2 scrolls of remove curse
 m - a scroll of identify
Comestibles
 c - 4 bread rations
 l - 2 meat rations


   Skills:
 - Level 3.6 Fighting
 + Level 11.6 Maces & Flails
 - Level 2.4 Armour
 - Level 2.1 Dodging


You had 7 spell levels left.
You didn't know any spells.

Dungeon Overview and Level Annotations

Branches:
Dungeon (5/15)             Temple (0/1) D:4

Altars:
Elyvilon


Innate Abilities, Weirdness & Mutations

You reflexively headbutt those who attack you in melee.
You have a pair of horns on your head.


Message History

The jelly hits you.
You are splashed with acid!
The acid corrodes you!
The acid burns!
* * * LOW HITPOINT WARNING * * *
There is a stone staircase leading up here.
The jelly hits you.
* * * LOW HITPOINT WARNING * * *
You are splashed with acid!
The acid burns!
* * * LOW HITPOINT WARNING * * *
You climb upwards.
There is a stone staircase leading down here.
Unknown command.
Read which item? (? for menu, Esc to quit)
Okay, then.
Drink which item? (? for menu, Esc to quit)
It was a potion of cancellation.
You feel magically purged. The jelly hits you.
* * * LOW HITPOINT WARNING * * *
You are splashed with acid!
The acid burns!
* * * LOW HITPOINT WARNING * * *
The jelly hits you.
You die...

### ### #########.####.###
#.......#......#..
#.#####.#.####.#.# #.# #.#.#
#.#.# ############ #.# #.#.#
#.#.# #..........# #.#
#.#.####.#.# ##..........####@#
#.#........# .+.............J>#
#.######...# ##..........#######
#.)........# ...†..............#
#########..# ##.##############.#
#..# ........# #....##.#
######..# ##.####.###.##'##'##
#....#..#
.^....#.#..........######.##.#.)#
.#....#.#..............##.##.#..#


You could see a jelly.

Vanquished Creatures
  Pikel (D:4)
  Eustachio (D:4)
  Menkaure (D:4)
  A howler monkey (D:4)
  A hound (D:4)
  An iguana (D:4)
  Ijyb (D:2)
  An orc wizard (D:3)
  2 worker ants (D:4)
  2 adders
  3 oozes
  2 worms (D:2)
  A dart slug (D:1)
  5 giant geckos
  6 orcs
  7 giant cockroaches
  10 goblins
  12 hobgoblins
  3 jackals (D:2)
  2 quokkas
  A ball python (D:2)
  8 bats
  A giant gecko zombie (D:3)
  A giant newt (D:4)
  6 kobolds
  8 rats
88 creatures vanquished.

Vanquished Creatures (others)
  A goblin (D:4)
1 creature vanquished.

Grand Total: 89 creatures vanquished

Notes
Turn   | Place    | Note
--------------------------------------------------------------
     0 | D:1      | Vatticson the Minotaur Berserker began the quest for the Orb.
     0 | D:1      | Reached XP level 1. HP: 19/19 MP: 0/0
    69 | D:1      | Reached skill level 4 in Maces & Flails
   164 | D:1      | Reached XP level 2. HP: 26/26 MP: 1/1
   584 | D:1      | Reached skill level 5 in Maces & Flails
   621 | D:1      | Reached XP level 3. HP: 31/31 MP: 2/2
   721 | D:2      | Reached ** piety under Trog
  1058 | D:2      | Reached XP level 4. HP: 39/39 MP: 3/3
  1072 | D:2      | Reached skill level 6 in Maces & Flails
  1291 | D:2      | Noticed Ijyb
  1299 | D:2      | Killed Ijyb
  1629 | D:3      | Reached skill level 7 in Maces & Flails
  1629 | D:3      | Reached XP level 5. HP: 36/45 MP: 4/4
  1697 | D:3      | Reached *** piety under Trog
  2099 | D:4      | Noticed a slave
  2100 | D:4      | Noticed Pikel
  2102 | D:4      | Noticed a slave
  2103 | D:4      | Noticed a slave
  2106 | D:4      | Noticed a slave
  2112 | D:4      | Killed Pikel
  2112 | D:4      | Reached skill level 10 in Maces & Flails
  2112 | D:4      | Reached XP level 6. HP: 38/51 MP: 5/5
  2112 | D:4      | Reached XP level 7. HP: 42/57 MP: 6/6
  2371 | D:4      | Noticed Eustachio
  2383 | D:4      | Killed Eustachio
  2472 | D:4      | Found a white marble altar of Elyvilon.
  2491 | D:4      | Reached skill level 11 in Maces & Flails
  2499 | D:4      | Got a transparent bronze ring
  2596 | D:4      | Found a staircase to the Ecumenical Temple.
  2642 | D:4      | Noticed Menkaure
  2646 | D:4      | Killed Menkaure
  2752 | D:4      | Reached XP level 8. HP: 61/64 MP: 7/7
  3259 | D:5      | Entered Level 5 of the Dungeon
  3270 | D:4      | HP: 1/64 [acid (5)]
  3271 | D:4      | Slain by a jelly

Skill      XL: |  1  2  3  4  5  6  7 |
---------------+----------------------+-----
Maces & Flails | 4 5 7 10 11 | 11.6
Fighting       | |  3.6
Armour         | |  2.4
Dodging        | |  2.1

Action                   |  1- 3 |  4- 6 |  7- 9 || total
-------------------------+-------+-------+-------++-------
Melee: Mace              |    91 |    89 |       ||   180
       Headbutt          |    14 |    16 |    10 ||    40
       Whip              |       |       |    48 ||    48
Invok: Berserk           |       |     1 |       ||     1
Evoke: Wand              |       |       |     2 ||     2
  Use: Scroll            |     6 |       |     4 ||    10
       Potion            |     1 |     4 |     1 ||     6
  Eat: Pizza             |       |     1 |       ||     1
       Bread ration      |       |     1 |     1 ||     2
Armor: Animal skin       |     2 |       |       ||     2
       Scale mail        |    22 |    37 |     8 ||    67
Dodge: Dodged            |    50 |    38 |     8 ||    96
